 Dungeon Crawl Stone Soup version 0.24.1-14-gf8d2b509d9 (webtiles) character file.

Game seed: 3276799362141804186, levelgen mode: deterministic

340 Bodigarde the Skirmisher (level 6, -5/48 HPs)
             Began as a Mummy Fighter on May 21, 2020.
             Was an Initiate of Gozag.
             Killed by divine providence
             ... invoked by an orc priest
              (14 damage)
             ... on level 3 of the Dungeon.
             The game lasted 00:10:49 (4033 turns).

Bodigarde the Skirmisher (Mummy Fighter)            Turns: 4033, Time: 00:10:50

Health: -5/48      AC: 10    Str: 22    XL:     6   Next: 30%
Magic:  6/6        EV: 10    Int:  7    God:    Gozag
Gold:   122        SH: 10    Dex: 16    Spells: 5/5 levels left

rFire    x . .     SeeInvis .   a - +0 flail
rCold    + . .     Gourm    .   c - +0 shield
rNeg     + + +     Faith    .   i - +0 chain mail
rPois    ∞         Spirit   .   m - +0 helmet
rElec    .         Reflect  .   (no cloak)
rCorr    .         Harm     .   (no gloves)
MR       .....                  (no boots)
Stlth    ..........             (no amulet)
HPRegen  0.16/turn              (no ring)
MPRegen  0.10/turn              (no ring)

@: agile, flying, very slightly contaminated, invisible
A: no food or potions, fire vulnerability, cold resistance 1, negative energy
resistance 3, torment resistance, unbreathing
a: Potion Petition, Call Merchant, Bribe Branch, Renounce Religion


You were on level 3 of the Dungeon.
You worshipped Gozag.
Gozag was aware of your devotion.
You were not hungry.

You visited 1 branch of the dungeon, and saw 4 of its levels.

You collected 467 gold pieces.
You paid 345 gold pieces to Gozag.

Inventory:

Hand Weapons
 a - a +0 flail (weapon)
 b - a +0 hunting sling
Missiles
 e - 153 stones (quivered)
Armour
 c - a +0 shield (worn)
 i - a +0 chain mail (worn)
 m - a +0 helmet (worn)
Jewellery
 g - an uncursed amulet of guardian spirit {unknown}
 o - a cursed ring of see invisible {unknown}
Wands
 f - a wand of polymorph (5)
Scrolls
 d - 2 scrolls of teleportation
 h - a scroll of enchant weapon
 j - a scroll of magic mapping {unknown}
 k - a scroll of fog {unknown}
 l - a scroll of remove curse {unknown}
 n - 2 scrolls of enchant armour
 q - a scroll of fear {unknown}


   Skills:
 + Level 4.1 Fighting
 * Level 3.7 Maces & Flails
 + Level 3.3 Armour
 + Level 3.4 Shields


You had 5 spell levels left.
You didn't know any spells.
Your spell library was empty.

Dungeon Overview and Level Annotations

Branches:
Dungeon (4/15)
 Temple: D:4-7

Altars:
Gozag
Sif Muna


Innate Abilities, Weirdness & Mutations

You do not eat or drink.
Your flesh is vulnerable to fire.
You are immune to poison.
Your flesh is cold resistant. (rC+)
You are immune to negative energy. (rN+++)
You are immune to unholy pain and torment.
You can survive without breathing.


Message History

Unknown command.
You sock the orc priest!
You kill the orc priest!
Unknown command.
There is an open door here.
You reach down and close the door.
An orc priest opens the door.
You reach down and open the door.
There is an open door here.
You reach down and close the door.
An orc priest opens the door.
You hit the orc priest.
The orc priest is lightly wounded.
The orc priest hits you but does no damage.
You sock the orc priest!
The orc priest is severely wounded.
The orc priest calls down the wrath of Beogh upon you.
Beogh smites you!
You die...
Your body crumbles into a pile of gold.

######################.##########
#................................
#.####################.##########
#.# #.....%....................
#.# #.########.....#.##########
#.# ###.########.....#.# #.#
#.........##.....#.# #.#
#.........##.....#.# #.#
#..........o@....'.# ## #.#
#..........#....[####### #. #.#
###.######.######......# #. #.#
#!# ####o# #......# #. #.# #.#
#....# #......# #.
#.#####.###o...######......######
#.....$>..'................'.....
###########...)######......###...
###########.# ######## #...


You could see an orc priest.

Vanquished Creatures
  An ogre (D:2)
  A hound (D:1)
  An orc priest (D:3)
  An iguana (D:4)
  A worker ant (D:4)
  3 adders
  2 oozes
  3 worms
  2 dart slugs
  A leopard gecko (D:2)
  6 orcs
  6 bats
  5 giant cockroaches
  12 goblins
  7 hobgoblins
  15 jackals
  A quokka (D:2)
  5 ball pythons
  4 frilled lizards
  10 kobolds
  6 rats
93 creatures vanquished.

Notes
Turn   | Place    | Note
-------+----------+-------------------------------------------
     0 | D:1      | Bodigarde the Mummy Fighter began the quest for the Orb.
     0 | D:1      | Reached XP level 1. HP: 18/18 MP: 1/1
   159 | D:1      | Reached XP level 2. HP: 21/24 MP: 2/2
   589 | D:1      | Reached XP level 3. HP: 29/29 MP: 3/3
  1098 | D:2      | Noticed an ogre
  1173 | D:2      | Reached XP level 4. HP: 31/35 MP: 4/4
  1970 | D:2      | Found a faded altar of an unknown god.
  1979 | D:2      | Became a worshipper of Gozag Ym Sagoz the Greedy
  2039 | D:2      | Found a shimmering blue altar of Sif Muna.
  2114 | D:2      | Killed an ogre
  2114 | D:2      | Reached XP level 5. HP: 42/42 MP: 5/5
  3502 | D:4      | Reached skill level 4 in Fighting
  3502 | D:4      | Reached XP level 6. HP: 35/48 MP: 6/6
  4033 | D:3      | Killed from afar by an orc priest

Levels and vault maps discovered:
D:1:      mrwooster_arrival_statue_3, layout_basic,
          chequers_serial_rivers_micro_c, minivault_25
D:2:      layout_loops_ring, lemuel_blue_sif_altar,
          chequers_ecumenical_altar_simple_redux
D:3:      kennysheep_goblin_castle, layout_basic
D:4:      layout_basic, kennysheep_mini, minmay_temple_entry_waves, first_ration

Skill      XL: |  1  2  3  4  5 |
---------------+----------------+-----
Maces & Flails | 2 3 |  3.7
Shields        | 3 |  3.4
Armour         | 3 |  3.3
Fighting       | 4 |  4.1

Action                   |  1- 3 |  4- 6 || total
-------------------------+-------+-------++-------
Melee: Flail             |   121 |   241 ||   362
 Fire: Hunting sling     |       |     2 ||     2
Throw: Stone             |     2 |     7 ||     9
Invok: Potion Petition   |       |     2 ||     2
  Use: Scroll            |       |     4 ||     4
 Stab: Distracted        |       |     1 ||     1
Armor: Scale mail        |    53 |    14 ||    67
       Chain mail        |       |   124 ||   124
Dodge: Dodged            |    31 |    60 ||    91
Block: Shield            |    61 |   106 ||   167
